 Dungeon Crawl Stone Soup version 0.28-a0-724-g66f9036eb4 (webtiles) character file.

Game seed: 14240123106084798901

23 lawman0 the Grasshopper (level 3, -1/28 HPs)
             Began as a Barachi Warper on Oct 26, 2021.
             Slain by a white imp (2 damage)
             ... summoned by Natasha
             ... on level 2 of the Dungeon.
             The game lasted 00:00:54 (1145 turns).

lawman0 the Grasshopper (Barachi Warper)            Turns: 1145, Time: 00:00:55

Health: -1/28      AC:  3    Str: 12    XL:     3   Next: 0%
Magic:  6/6        EV: 11    Int: 14    God:
Gold:   9          SH:  0    Dex: 11    Spells: 4/6 levels left

rFire   . . .      SeeInvis .   a - +0 falchion
rCold   . . .      Faith    .   (no shield)
rNeg    . . .      Spirit   .   b - +0 leather armour
rPois   .          Reflect  .   (no helmet)
rElec   .          Harm     .   (no cloak)
rCorr   .          Rampage  .   (no gloves)
Will    .....                   (no boots)
Stlth   +.........              (no amulet)
HPRegen 0.09/turn               (no ring)
MPRegen 0.10/turn               (no ring)

@: hasted, quick
A: amphibious, slowness 1, strong legs 1, +LOS
a: Hop


You were on level 2 of the Dungeon.
You visited 1 branch of the dungeon, and saw 2 of its levels.

You collected 9 gold pieces.

Inventory:

Hand Weapons
 a - a +0 falchion (weapon)
Missiles
 d - 5 boomerangs of dispersal (quivered)
Armour
 b - a +0 leather armour (worn)
Jewellery
 h - a ring of poison resistance
Scrolls
 c - a scroll of blinking
 e - a scroll of teleportation {unknown}
 f - a scroll of identify {unknown}
Potions
 i - a potion of lignification {unknown}
 j - a potion of might {unknown}


   Skills:
 + Level 2.8 Fighting
 * Level 3.0 Long Blades
 + Level 1.0 Throwing
 + Level 1.8 Armour
 + Level 2.2 Dodging
 + Level 2.2 Spellcasting
 * Level 3.7 Translocations


You had 4 spell levels left.
You knew the following spells:

 Your Spells              Type           Power      Damage    Failure   Level
a - Blink                 Tloc           24%        N/A       10%         2

Your spell library contained the following spells:

 Spells                   Type           Power      Damage    Failure   Level
 Gell's Gravitas          Tloc           6%         N/A       19%         3
 Lesser Beckoning         Tloc           12%        N/A       19%         3
 Teleport Other           Tloc           12%        N/A       19%         3
 Manifold Assault         Tloc           12%        N/A       87%         5
 Summon Forest            Summ/Tloc      3%         N/A       98%         5
 Eringya's Noxious Bog    Tmut/Pois      0%         N/A       100%        6
 Summon Hydra             Summ           0%         N/A       100%        7


Dungeon Overview and Level Annotations

Branches:
Dungeon (2/15)

Altars:

Annotations:
D:2 Natasha


Innate Abilities, Weirdness & Mutations

You are amphibious.
You cover ground slowly.
You can hop short distances.
You have an extended range of vision and can be seen from far away.


Message History

You feel clever.
No target in view!
HP restored.
Natasha, Servant of Life and Death comes into view.
Natasha is nearby!
Natasha casts a spell.
There are monsters nearby!
You hit the white imp but do no damage. The white imp hits you.
The white imp freezes you. Natasha claws you.
There are monsters nearby!
You miss Natasha. The white imp barely misses you.
Natasha casts a spell.
There are monsters nearby!
You miss Natasha. The white imp closely misses you. Natasha claws you.
The white imp gestures at you. The puff of frost hits you!
You are too injured to fight recklessly!
You are too injured to fight recklessly!
You miss Natasha. The white imp closely misses you.
Natasha claws you but does no damage. The white imp gestures at you.
The puff of frost misses you.
The puff of frost hits Natasha!
You hit Natasha but do no damage.
Natasha is severely wounded.
The white imp misses you. Natasha closely misses you.
An endoplasm comes into view.
The white imp gestures at you. The puff of frost hits you!
* * * LOW HITPOINT WARNING * * *
It was a potion of curing.
You feel better. The white imp gestures at you. The puff of frost hits you!
* * * LOW HITPOINT WARNING * * *
Natasha claws you but does no damage.
The white imp hits you but does no damage.
Unknown command.
It was a potion of haste.
You feel yourself speed up. The white imp hits you.
* * * LOW HITPOINT WARNING * * *
The white imp freezes you.
You die...

................#
#.......#..###..#
#.............#
#.####.#..<#.##
#.....#.#.#
#.#.....#†#
...#..####.#
.######.5.....#
......$.@$#####
########h5# #..#
#..# #... ##.#.
.#. J# # ..


You could see Natasha, 2 white imps and an endoplasm.

Vanquished Creatures
  2 bats (D:1)
  An endoplasm (D:1)
  A giant cockroach (D:2)
  4 goblins (D:1)
  3 hobgoblins
  2 jackals (D:1)
  A kobold (D:1)
  4 ball pythons
  A frilled lizard (D:1)
  A rat (D:1)
20 creatures vanquished.

Notes
Turn   | Place    | Note
-------+----------+-------------------------------------------
     0 | D:1      | lawman0 the Barachi Warper began the quest for the Orb.
     0 | D:1      | Reached XP level 1. HP: 17/17 MP: 3/3
    19 | D:1      | Found a faded altar of an unknown god.
   246 | D:1      | Reached XP level 2. HP: 2/23 MP: 5/5
   556 | D:1      | Learned a level 2 spell: Blink
  1125 | D:2      | Reached XP level 3. HP: 27/28 MP: 6/6
  1136 | D:2      | Noticed Natasha
  1143 | D:2      | HP: 1/28 [white imp/puff of frost[Natasha] (11)]
  1145 | D:2      | Slain by a white imp

Illustrated notes

Levels and vault maps discovered:
D:1:      minmay_arrival_four_circles, layout_basic,
          ebering_ecumenical_altar_petrified, kennysheep_minor_cross,
          serial_bayou_pond_d, chequers_arboretum
D:2:      layout_basic, uniq_natasha, uniq_jessica

Skill      XL: |  1  2 |
---------------+-------+-----
Long Blades    | 3 |  3.0
Fighting       | |  2.8
Throwing       | |  1.0
Armour         | |  1.8
Dodging        | |  2.2
Spellcasting   | |  2.2
Translocations | |  3.7

Action                   || total
-------------------------++-------
Melee: Falchion          ||    73
  Use: Potion            ||     2
Armor: Leather armour    ||    31
Dodge: Dodged            ||    50

Table legend: (Time is in decaauts)
 A = Elapsed time spent in this place.
 B = Non-inter-level travel time spent in this place.
 C = Inter-level travel time spent in this place.
 D = Time resting spent in this place.
 E = Time spent auto-exploring this place.
 F = Levels seen in this place.
 G = Mean time per level.
                   A        B        C        D        E       F      G
               +--------+--------+--------+--------+--------+-----+--------+
         Total |   1269 |   1253 |     16 |    326 |    737 |   2 |  634.5 |
       Dungeon |   1269 |   1253 |     16 |    326 |    737 |   2 |  634.5 |
               +--------+--------+--------+--------+--------+-----+--------+

Top non-repeatable levels by time:
     D:1: 1211 daAuts
     D:2: 58 daAuts
